Map: Acropolis LE

Players

hinO - Winner!

  • Race: Zerg Zerg
  • Spawn Location: 5:00

HolyHit

  • Race: Protoss Protoss
  • Spawn Location: 11:00

Event: 2019 WCS Summer

VOD

Have the link to the VOD?

Description

Time

  • Played on: July 12, 2019, 11:08 a.m.
  • Length: 11:29

All games in this series

Show
View Real Time Build Order
Export as new Build Order

hinO Zerg - Winner!

Build Orders: Hatch First 

Get SALT Encoding   

  12  0:00  Drone  
  13  0:13  Overlord  
  13  0:17  Drone  
  14  0:32  Drone x2  
  16  0:48  Hatchery  
  15  0:52  Drone  
  15  0:55  Drone  
  17  0:59  Drone  
  18  1:09  Extractor  
  17  1:15  Spawning Pool  
  16  1:20  Drone  
  16  1:21  Drone  
  18  1:29  Drone  
  19  1:48  Hatchery  
  19  1:52  Drone  
  19  1:54  Drone  
  19  2:01  Drone  
  21  2:05  Drone  
  22  2:10  Queen  
  22  2:15  Zergling x2  
  25  2:18  Zergling x2  
  26  2:23  Metabolic Boost  
  26  2:29  Overlord  
  26  2:36  Queen  
  28  2:49  Drone x5  
  33  2:55  Drone  
  34  3:00  Drone x2  
  34  3:05  Drone  
  37  3:09  Queen  
  37  3:10  Drone  
  40  3:13  Drone  
  40  3:17  Drone  
  42  3:24  Overlord  
  42  3:31  Overlord  
  42  3:42  Drone x6  
  42  3:46  Drone x2  
  42  3:48  Overlord  
  50  3:51  Overlord  
  50  3:53  Drone x2  
  50  3:55  Drone x2  
  54  3:57  Roach Warren  
  54  3:58  Drone, Extractor  
  54  4:02  Lair  
  53  4:05  Extractor x2  
  53  4:09  Overlord  
  51  4:14  Drone  
  51  4:15  Drone  
  53  4:20  Zergling x12  
  59  4:25  Overlord  
  59  4:31  Spore Crawler  
  59  4:38  Roach x7  
  72  4:42  Overlord  
  71  4:51  Drone x3  
  74  4:57  Roach x2  
  78  5:01  Drone x3  
  78  5:03  Drone  
  78  5:04  Drone x2  
  82  5:09  Roach x3  
  82  5:13  Glial Reconstitution  
  86  5:20  Spire  
  83  5:22  Roach x2  
  83  5:26  Roach  
  83  5:27  Overlord  
  86  5:36  Overlord  
  86  5:37  Overlord  
  86  5:38  Drone x2  
  86  5:39  Drone x2  
  90  5:45  Overlord  
  90  5:46  Overseer  
  90  5:47  Queen  
  93  5:50  Drone x3  
  93  5:52  Drone  
  93  5:54  Drone  
  93  5:55  Drone  
  96  5:59  Drone x2  
  96  6:00  Drone  
  96  6:02  Drone x2  
  102  6:04  Drone  
  102  6:13  Extractor, Ravager  
  102  6:14  Extractor  
  102  6:16  Drone x3  
  104  6:18  Drone x2  
  104  6:19  Drone  
  104  6:24  Roach x2  
  104  6:25  Roach x3  
  115  6:27  Ravager x4  
  115  6:31  Roach  
  121  6:35  Spine Crawler  
  121  6:36  Spine Crawler, Roach  
  121  6:38  Overlord  
  120  6:44  Spine Crawler  
  120  6:46  Spine Crawler, Overlord x2  
  118  6:48  Ravager x4  
  118  6:50  Roach  
  120  6:55  Roach  
  120  6:56  Zergling x4, Roach x2  
  127  7:01  Roach  
  127  7:02  Zergling x2  
  122  7:14  Zergling x14  
  122  7:15  Zergling x2  
  124  7:21  Zergling x2, Roach x3  
  124  7:22  Queen x2  
  131  7:29  Roach x3  
  137  7:37  Roach x2  
  137  7:40  Ravager x3  
  144  7:48  Zergling x4  
  145  7:55  Overlord x2  
  130  8:02  Zergling x2, Roach x4  
  132  8:06  Overseer  
  132  8:11  Spore Crawler  
  132  8:12  Drone  
  132  8:13  Drone x2  
  132  8:15  Mutalisk  
  131  8:20  Mutalisk  
  131  8:21  Mutalisk  
  131  8:25  Mutalisk x3  
  139  8:32  Mutalisk  
  141  8:37  Mutalisk  
  143  8:45  Hatchery  
  143  8:47  Mutalisk  
  144  8:55  Mutalisk x2  
  141  9:02  Mutalisk  
  136  9:04  Zergling x2  
  136  9:05  Zergling x22  
  150  9:10  Ravager  
  150  9:15  Mutalisk  
  153  9:18  Overlord x2  
  153  9:28  Overlord x2  
  153  9:34  Overlord x3  
  136  9:38  Zergling x10  
  136  9:39  Zergling x4  
  136  9:45  Roach  
  133  9:49  Roach  
  123  9:54  Zergling x4  
  123  9:55  Zergling x10  
  123  10:02  Roach x3  
  129  10:07  Roach x2  
  129  10:08  Roach x2  
  129  10:13  Roach  
  136  10:17  Roach  
  136  10:19  Zergling x6  
  136  10:20  Zergling x6  
  142  10:23  Zergling x2  
  143  10:31  Roach x3  
  143  10:32  Ravager x5  
  143  10:33  Ravager x6  
  143  10:35  Overlord  
  160  10:39  Zergling x2  
  160  10:41  Ravager  
  162  10:44  Roach  
  162  10:45  Roach x3  
  162  10:49  Roach x5  
  184  10:50  Roach x2  
  184  10:53  Roach  
  184  10:55  Hatchery  
  185  11:00  Roach x2  
  189  11:05  Roach  
Show
View Real Time Build Order
Export as new Build Order

HolyHit Protoss 

Build Orders: 1 Gate Expand, Chargelot Immortal 

Get SALT Encoding   

  12  0:00  Probe  
  13  0:13  Probe  
  14  0:18  Pylon  
  14  0:24  Probe  
  15  0:32  Probe  
  15  0:39  Gateway  
  15  0:40  Probe  
  16  0:47  Assimilator  
  17  0:51  Probe  
  18  1:03  Probe  
  19  1:15  Probe  
  20  1:24  Nexus  
  20  1:33  Cybernetics Core  
  20  1:36  Probe  
  21  1:42  Assimilator  
  21  1:48  Probe  
  21  1:51  Pylon  
  22  1:59  Probe  
  22  2:00  Adept  
  23  2:07  Probe  
  23  2:15  Probe  
  26  2:18  Twilight Council  
  27  2:29  Stalker  
  27  2:31  Probe  
  27  2:33  Probe, Warp Gate  
  30  2:44  Probe x2  
  32  2:50  Robotics Facility  
  33  2:56  Probe x2  
  35  3:06  Probe  
  35  3:08  Probe  
  35  3:11  Charge  
  37  3:14  Probe  
  37  3:18  Gateway  
  38  3:20  Probe  
  38  3:22  Probe  
  40  3:31  Gateway, Warp Prism  
  40  3:32  Gateway  
  41  3:34  Probe  
  41  3:40  Probe  
  44  3:46  Pylon  
  44  3:48  Probe  
  45  3:54  Probe  
  46  4:04  Warp Prism  
  46  4:05  Forge, Probe  
  49  4:12  Pylon  
  49  4:14  Assimilator  
  49  4:16  Assimilator  
  49  4:21  Adept  
  49  4:22  Adept  
  53  4:30  Probe  
  54  4:31  Probe  
  55  4:41  Protoss Ground Weapons Level 1, Pylon  
  55  4:45  Zealot  
  55  4:46  Zealot x2  
  55  4:50  Pylon  
  61  4:55  Pylon  
  57  5:07  Zealot x4  
  57  5:10  Probe  
  57  5:12  Immortal  
  66  5:15  Nexus  
  66  5:34  Sentry x4  
  72  5:36  Probe  
  72  5:39  Probe  
  74  5:46  Gateway  
  74  5:49  Probe  
  75  5:51  Probe  
  75  5:53  Immortal  
  74  5:59  Sentry x4  
  86  6:12  Pylon  
  86  6:20  Pylon  
  86  6:26  Probe x2  
  86  6:29  Stalker x2  
  86  6:30  Stalker  
  86  6:32  Stalker  
  96  6:39  Probe x3  
  99  6:54  Stalker x4  
  101  6:59  Immortal  
  107  7:09  Stalker  
  101  7:17  Stalker x2  
  101  7:20  Probe x3  
  106  7:24  Sentry x2  
  106  7:28  Immortal  
  108  7:32  Probe  
  108  7:37  Zealot  
  111  7:39  Probe  
  116  7:45  Assimilator, Pylon, Protoss Ground Weapons Level 2  
  116  7:47  Assimilator  
  116  7:49  Pylon  
  82  8:06  Zealot x4  
  82  8:07  Zealot, Immortal  
  82  8:10  Gateway x2  
  96  8:26  Zealot x2  
  96  8:27  Zealot x3  
  102  8:36  Shield Battery  
  102  8:37  Photon Cannon  
  102  8:39  Shield Battery  
  102  8:41  Photon Cannon  
  102  8:46  Immortal  
  102  8:47  Sentry x4  
  104  9:02  Probe x3  
  103  9:12  Zealot x2  
  103  9:13  Zealot, Templar Archives  
  103  9:14  Probe x2  
  103  9:17  Probe  
  112  9:24  Stalker x2, Pylon  
  112  9:26  Probe, Immortal  
  112  9:27  Zealot  
  121  9:38  Zealot x3  
  107  9:51  Stalker x2  
  110  9:59  Stalker x3  
  109  10:05  Immortal  
  98  10:26  Stalker x4  
  106  10:29  Probe  
  106  10:33  Photon Cannon  
  107  10:37  Photon Cannon  
  107  10:44  Stalker  
  108  10:54  Zealot x3  
  107  10:57  Probe  
  106  11:10  Stalker  
  108  11:13  Pylon  
  108  11:14  Pylon  
  76  11:21  Zealot x3  
Tags
 
Add a new tag
Caveats
  • Supply blocks, unpowered buildings, or Contaminate may cause inaccurate times.
  • Supply counts are checked every 10 seconds.